AoeStats
← CLEMENTE

Fortress

510015071Analyzed
2v2 RM · 2d ago on Sep 29, 2026· 51m 37s· 4 players
Game mode
Random Map
Map size
Normal (6 player)
Population
200
Speed
Normal
Resources
Standard
Victory
Conquest
Starting age
Dark Age
Ending age
Imperial Age
RankedLock teamsTeams togetherTeam positionsShared explorationLock speedFull tech treeHidden civsTurbo modeCheats
Victory
Defeat
🇨🇱 Teutons · Chile
615
+11
🇳🇱 Franks · Netherlands
485
+17
🇺🇸 Byzantines · United States
508
-14
🇺🇸 Hindustanis · United States
506
-14
NWI Nutball
9:18 Feudal Age
11:14 Wheelbarrow
12:23 Horse Collar
13:15 Double-Bit Axe
18:16 Forging
18:11 Gold Mining
18:12 Stone Mining
18:54 Scale Mail Armor
18:45 Fletching
18:25 Man-at-Arms
18:54 Arson
19:41 Padded Archer Armor
19:47 Scale Barding Armor
23:37 Castle Age
25:40 Hand Cart
26:39 Bow Saw
26:35 Heavy Plow
27:01 Caravan
31:25 Loom
34:13 Imperial Age
33:55 Gold Shaft Mining
33:56 Stone Shaft Mining
35:22 Iron Casting
35:09 Chain Barding Armor
35:05 Chain Mail Armor
34:46 Bodkin Arrow
35:07 Leather Archer Armor
38:13 Chemistry
37:26 Fortified Wall
37:15 Murder Holes
38:56 Siege Elephant
40:05 Ballistics
39:37 Guard Tower
40:15 Masonry
41:33 Two-Man Saw
42:07 Loom
43:45 Plate Barding Armor
44:24 Blast Furnace
43:40 Bracer
44:18 Ring Archer Armor
44:58 Siege Engineers
45:50 Conscription
45:34 Grand Trunk Road
46:11 Hoardings
47:38 Conscription
Bob
2:15 Loom
6:41 Feudal Age
8:19 Wheelbarrow
8:25 Horse Collar
8:35 Double-Bit Axe
10:11 Gold Mining
17:10 Castle Age
18:35 Hand Cart
18:34 Bow Saw
19:10 Gold Shaft Mining
20:14 Heavy Plow
30:45 Imperial Age
31:05 Scale Barding Armor
31:01 Padded Archer Armor
30:52 Fletching
31:03 Scale Mail Armor
31:14 Forging
31:12 Elite Cataphract
32:01 Greek Fire
32:23 Conscription
32:43 Hoardings
32:44 Ballistics
32:21 Murder Holes
32:08 Treadmill Crane
32:57 Guilds
34:22 Logistica
35:39 Chemistry
34:50 Fortified Wall
35:27 Coinage
35:03 Caravan
35:51 Stone Mining
36:35 Crop Rotation
36:45 Banking
37:26 Two-Man Saw
36:49 Chain Barding Armor
36:45 Leather Archer Armor
36:26 Bodkin Arrow
36:47 Chain Mail Armor
36:24 Arrowslits
36:53 Crossbowman
37:42 Thumb Ring
36:59 Elite Skirmisher
38:55 Elite Varangian Guard
39:21 Arson
39:23 Gambesons
39:00 Man-at-Arms
39:02 Pikeman
39:43 Squires
39:12 Pikeman
39:55 Squires
40:09 Husbandry
39:32 Heavy Camel Rider
39:36 Light Cavalry
39:40 Cavalier
39:48 Halberdier
39:49 Man-at-Arms
41:09 Long Swordsman
41:41 Onager
42:16 Guard Tower
43:02 Two-Handed Swordsman
44:10 Redemption
44:01 Atonement
44:12 Fervor
44:23 Sanctity
44:04 Devotion
44:30 Illumination
44:22 Block Printing
44:28 Heresy
44:50 Theocracy
43:45 Capped Ram
44:54 Hussar
47:54 Keep
47:41 Bombard Tower
48:00 Keep
sjonsjon [nl]
6:32 Feudal Age
8:24 Double-Bit Axe
9:15 Forging
14:10 Scale Barding Armor
17:01 Castle Age
15:28 Stone Mining
19:02 Wheelbarrow
19:31 Bow Saw
21:20 Chain Barding Armor
24:20 Light Cavalry
26:59 Husbandry
27:22 Hand Cart
29:26 Iron Casting
32:00 Imperial Age
30:32 Man-at-Arms
30:58 Gambesons
30:35 Pikeman
31:16 Squires
31:02 Arson
31:21 Scale Mail Armor
32:07 Gold Mining
32:10 Cavalier
36:37 Paladin
37:57 Chivalry
38:18 Conscription
39:08 Gold Shaft Mining
40:32 Blast Furnace
41:17 Caravan
41:41 Ordonnance Companies
43:04 Plate Barding Armor
43:13 Chain Mail Armor
42:51 Treadmill Crane
44:22 Chemistry
43:43 Ballistics
47:59 Elite Skirmisher
49:03 Fletching
49:14 Padded Archer Armor
48:38 Elite Throwing Axeman
CLEMENTE
5:54 Loom
10:41 Feudal Age
14:07 Wheelbarrow
13:56 Gold Mining
14:58 Double-Bit Axe
18:02 Castle Age
17:30 Horse Collar
19:22 Hand Cart
20:17 Bow Saw
21:22 Bloodlines
25:55 Scale Barding Armor
26:00 Forging
26:59 Ballistics
26:39 Town Watch
28:21 Iron Casting
27:38 Fletching
28:24 Heavy Plow
29:29 Town Patrol
36:37 Imperial Age
36:12 Ironclad
35:51 Bodkin Arrow
35:57 Scale Mail Armor
36:58 Pikeman
37:42 Squires
38:47 Chemistry
38:50 Blast Furnace
38:22 Conscription
38:30 Elite Teutonic Knight
41:07 Stone Mining
42:51 Chain Mail Armor
43:55 Crop Rotation
43:45 Arrowslits
44:26 Chain Barding Armor
44:37 Plate Mail Armor
43:56 Cavalier
46:01 Halberdier
51:43 Plate Mail Armor
Connection lost

Rejoining the realm…

Still unreachable

The connection could not be restored.

Session expired

The server has moved on; the page needs a fresh start.